[Event "Titled Tuesday Blitz August 22 Early 2023"]
[White "Yanchenko, Roman"]
[Black "Balla, Tamas-Kristof"]
[WhiteFideId "4137329"]
[BlackFideId "1208497"]
[WhiteElo "2818"]
[BlackElo "2450"]
[Result "1-0"]
[Round "1"]
[TimeControl "180+1"]
[Date "2023.08.22"]
[WhiteClock "0:00:22"]
[BlackClock "0:00:01"]
[Board "70"]

1. d4 d5 2. Nf3 Nf6 3. Bf4 e6 4. c4 Bd6 5. Bg3 O-O 6. e3 b6 7. cxd5 exd5 8. Bd3 Ba6 9. Bxa6 Nxa6 10. Nc3 c5 11. dxc5 Nxc5 12. O-O Bxg3 13. hxg3 Nce4 14. Rc1 Rc8 15. Qd3 Nxc3 16. Rxc3 Qd6 17. Rd1 Rxc3 18. Qxc3 Rd8 19. Qd4 h6 20. Ne5 Rc8 21. Ng4 Nxg4 22. Qxg4 Rc2 23. Qd4 Qg6 24. Qxd5 Rxb2 25. Qa8+ Kh7 26. Qxa7 Qc2 27. Rf1 Rxa2 28. Qxb6 Rb2 29. Qa7 Rb1 30. Rxb1 Qxb1+ 31. Kh2 Qf5 32. f3 Qe6 33. e4 g6 34. Qd4 h5 35. Qd5 Qf6 36. Qd7 Kg8 37. Qc8+ Kh7 38. Qd7 Kg8 39. Qc7 Kh7 40. Qf4 Qe6 41. e5 Qd5 42. Qf6 Kg8 43. Qe7 Kh7 44. Kh3 Qa2 45. Qf6 Kg8 46. Qf4 Qa1 47. Kh2 Qa2 48. g4 hxg4 49. Qxg4 Qd5 50. Qg5 Qd3 51. Qf6 Qb3 52. Kg3 Qc4 53. Qd6 Qc2 54. e6 fxe6 55. Qxe6+ Kh7 56. Qf7+ Kh8 57. Kh2 Qb1 58. Qf4 Qc2 59. Kg3 Qc6 60. Qe4 Qd6+ 61. Qf4 Qe6 62. Kh4 Qe1+ 63. Kg5 Qe2 64. Qf8+ Kh7 65. Qh6+ Kg8 66. Qxg6+ Kh8 67. Qh5+ Kg8 68. Qg4 Qa2 69. Kf6+ Kf8 70. Qg7+ Ke8 71. Qe7# 1-0


[Site "https://www.chess.com"]

[Event "Titled Tuesday Blitz August 22 Early 2023"]
[White "Swicarz, Maciej"]
[Black "caropawn10"]
[WhiteFideId "1113585"]
[WhiteElo "2450"]
[BlackElo "2816"]
[Result "1-0"]
[Round "1"]
[TimeControl "180+1"]
[Date "2023.08.22"]
[WhiteClock "0:01:38"]
[BlackClock "0:00:15"]
[Board "71"]

1. c4 Nf6 2. Nc3 c5 3. Nf3 Nc6 4. g3 g6 5. Bg2 Bg7 6. d4 cxd4 7. Nxd4 O-O 8. O-O d6 9. Nxc6 bxc6 10. Bxc6 Bh3 11. Bg2 Bxg2 12. Kxg2 Rc8 13. Qd3 Qc7 14. Be3 Qb7+ 15. f3 Qxb2 16. Rab1 Qa3 17. Nd5 Qxd3 18. Nxe7+ Kh8 19. exd3 Rc7 20. Nd5 Nxd5 21. cxd5 Re8 22. Bf4 Bd4 23. Rfe1 Rc2+ 24. Kh3 Rd8 25. Rb7 Kg8 26. Ree7 Rf8 27. Bxd6 Bg1 28. g4 Rd2 29. Re1 Bf2 30. Bxf8 Bxe1 31. Bh6 1-0


[Site "https://www.chess.com"]

[Event "Titled Tuesday Blitz August 22 Early 2023"]
[White "Klukin, Kirill"]
[Black "Sai Han Thiha"]
[WhiteFideId "24199273"]
[BlackFideId "13012290"]
[WhiteElo "2815"]
[BlackElo "2449"]
[Result "1-0"]
[Round "1"]
[TimeControl "180+1"]
[Date "2023.08.22"]
[WhiteClock "0:00:11"]
[BlackClock "0:00:07"]
[Board "72"]

1. c4 Nf6 2. Nc3 g6 3. Nf3 Bg7 4. d4 O-O 5. e3 c5 6. Be2 cxd4 7. exd4 d5 8. c5 Nc6 9. O-O Bg4 10. Be3 b6 11. Qa4 Bd7 12. Bb5 Qc7 13. b4 a6 14. Bxc6 Bxc6 15. Qc2 bxc5 16. bxc5 Ne4 17. Rab1 Rab8 18. Nd2 f5 19. Ndxe4 fxe4 20. Qd2 Rxb1 21. Rxb1 e5 22. Rb6 Rb8 23. Rxb8+ Qxb8 24. h3 exd4 25. Bxd4 Qb4 26. Bxg7 Kxg7 27. Qf4 Qxc3 28. Qc7+ Kh6 29. Qxc6 Qc1+ 30. Kh2 Qf4+ 31. Kg1 d4 32. Qd6 Qc1+ 33. Kh2 d3 34. c6 d2 35. c7 d1=Q 36. Qxd1 Qxd1 37. c8=Q Qd6+ 38. g3 Qf6 39. Qc5 Qf3 40. h4 Qe2 41. a4 a5 42. Kg2 Qf3+ 43. Kg1 Qd1+ 44. Kh2 Qe2 45. Qd4 Qf3 46. Qb2 e3 47. fxe3 Qxe3 48. Qc2 Qf3 49. Qd2+ Kg7 50. Qd4+ Kh6 51. Qb2 Qg4 52. Qd2+ Kg7 53. Qxa5 Qe2+ 54. Kg1 Qd1+ 55. Kf2 Qc2+ 56. Ke3 Qb3+ 57. Kf4 Qc4+ 58. Ke5 Qe2+ 59. Kd6 Qd3+ 60. Qd5 Qa3+ 61. Ke6 Qxa4 62. Qe5+ Kg8 63. Kf6 Qc6+ 64. Kg5 Qf3 65. Kh6 Qf7 66. Kg5 h6+ 67. Kg4 h5+ 68. Kg5 Kh7 69. g4 hxg4 70. Kxg4 Qd7+ 71. Kg3 Qd3+ 72. Kg4 Qd7+ 73. Kg5 Qd2+ 74. Qf4 Qd8+ 75. Kg4 Qd7+ 76. Kg3 Qd3+ 77. Qf3 Qd6+ 78. Qf4 Qd3+ 79. Kg2 Qd2+ 80. Qxd2 g5 81. Qxg5 Kh8 82. Kg3 Kh7 83. Kf4 Kh8 84. Kf5 Kh7 85. Kf6 Kh8 86. Qg7# 1-0


[Site "https://www.chess.com"]

[Event "Titled Tuesday Blitz August 22 Early 2023"]
[White "Fule, Simon"]
[Black "Kosakowski, Jakub"]
[WhiteFideId "787515"]
[BlackFideId "1185080"]
[WhiteElo "2448"]
[BlackElo "2804"]
[Result "1-0"]
[Round "1"]
[TimeControl "180+1"]
[Date "2023.08.22"]
[WhiteClock "0:00:06"]
[BlackClock "0:00:35"]
[Board "73"]

1. e4 c5 2. Nf3 d6 3. d4 cxd4 4. Nxd4 Nf6 5. Nc3 a6 6. f3 e5 7. Nb3 Be7 8. Be3 Be6 9. Qd2 O-O 10. O-O-O Nbd7 11. g4 b5 12. Rg1 b4 13. Nd5 Bxd5 14. exd5 a5 15. g5 Nh5 16. Kb1 Nb6 17. Rg4 g6 18. Bb5 Qc8 19. Bxb6 a4 20. Na5 Bd8 21. Bxd8 Qxd8 22. Nc6 Qc7 23. Rxb4 Nf4 24. Rxa4 Rxa4 25. Bxa4 Ra8 26. Bb3 Kg7 27. Nb4 Qe7 28. h4 h6 29. gxh6+ Kh7 30. Rh1 Qf6 31. Nd3 Nh5 32. Qe3 Qf5 33. a3 Rb8 34. Ka2 Qc8 35. f4 e4 36. Qxe4 Ng3 37. Qe7 Rb7 38. Qe1 Nxh1 39. Qxh1 Qg4 40. Qe4 Kxh6 41. a4 Qxh4 42. a5 Qd8 43. a6 Qa5+ 44. Qa4 Rb5 45. Qxa5 Rxa5+ 46. Kb1 Rxa6 47. c4 Kh5 48. Kc2 Kg4 49. c5 dxc5 50. Nxc5 Ra5 51. Nd3 Kf5 52. Kc3 Ke4 53. d6 Ra8 54. Bxf7 Kf5 55. d7 Rd8 56. Be8 Ke6 57. Ne5 g5 58. Nc6 g4 59. Nxd8+ Kf5 60. Nc6 g3 61. d8=Q g2 62. Qd5+ Kg4 63. Qxg2+ Kxf4 64. Qf2+ Ke4 65. Qe2+ Kd5 66. Qe5# 1-0


[Site "https://www.chess.com"]

[Event "Titled Tuesday Blitz August 22 Early 2023"]
[White "realmadridfc123"]
[Black "Harriott, Tyrell"]
[BlackFideId "2086484"]
[WhiteElo "2803"]
[BlackElo "2444"]
[Result "1-0"]
[Round "1"]
[TimeControl "180+1"]
[Date "2023.08.22"]
[WhiteClock "0:00:37"]
[BlackClock "0:00:02"]
[Board "74"]

1. e4 d5 2. exd5 Nf6 3. c4 e6 4. dxe6 Bxe6 5. d4 Bb4+ 6. Nc3 Ne4 7. Qb3 Nc6 8. Nf3 Qe7 9. Be3 Na5 10. Qc2 Bxc4 11. Bd3 Bxd3 12. Qxd3 O-O-O 13. O-O f5 14. Rfe1 h6 15. Ne5 Qxe5 16. f3 Nxc3 17. bxc3 Bf8 18. Bg5 Qd6 19. Bxd8 Qxd8 20. Qxf5+ Kb8 21. Qxa5 Bd6 22. Qh5 Qf6 23. Re4 g6 24. Qh4 g5 25. Qh5 a6 26. Rae1 Ka7 27. Qg4 h5 28. Qe6 Qg7 29. c4 g4 30. f4 Bb4 31. R1e2 Ba5 32. Qe5 Qg8 33. Qxa5 Qxc4 34. Qc5+ Qxc5 35. dxc5 h4 36. Re7 g3 37. hxg3 hxg3 38. Rg7 Rh5 39. Rc2 Rd5 40. Rxg3 a5 41. Rf3 Rd4 42. f5 Ka6 43. f6 a4 44. f7 c6 45. f8=Q a3 46. Qa8+ Kb5 47. Rb3+ Rb4 48. Qxb7+ Ka5 49. Qxb4+ 1-0


[Site "https://www.chess.com"]

[Event "Titled Tuesday Blitz August 22 Early 2023"]
[White "JERO-8914"]
[Black "Bauman_Guy"]
[WhiteElo "2442"]
[BlackElo "2797"]
[Result "0-1"]
[Round "1"]
[TimeControl "180+1"]
[Date "2023.08.22"]
[WhiteClock "0:01:32"]
[BlackClock "0:02:15"]
[Board "75"]

1. e4 c5 2. Nf3 d6 3. c3 Nf6 4. Be2 Bd7 5. d3 g6 6. O-O Bg7 7. h3 O-O 8. Be3 Nc6 9. Nbd2 b5 10. a4 b4 11. Nc4 Be6 12. Qc2 Nd7 13. d4 Bxc4 14. Bxc4 Nb6 15. Bb5 cxd4 16. cxd4 Na5 17. Ba6 d5 18. e5 Nbc4 19. b3 Nxe3 20. fxe3 Qb6 21. Bd3 Rac8 22. Qb2 Rc3 23. Bc2 Rfc8 24. Rf2 Bh6 0-1


[Site "https://www.chess.com"]

[Event "Titled Tuesday Blitz August 22 Early 2023"]
[White "Materia, Marco"]
[Black "WindWhistler11"]
[WhiteFideId "45150451"]
[WhiteElo "2797"]
[BlackElo "2441"]
[Result "1-0"]
[Round "1"]
[TimeControl "180+1"]
[Date "2023.08.22"]
[WhiteClock "0:01:43"]
[BlackClock "0:00:25"]
[Board "76"]

1. d4 Nf6 2. c4 e6 3. Nf3 c5 4. d5 exd5 5. cxd5 Bd6 6. Nc3 O-O 7. e4 Re8 8. Bd3 Bc7 9. O-O d6 10. h3 a6 11. a4 Nbd7 12. Re1 Nf8 13. Bf4 Ng6 14. Bh2 Nh5 15. e5 Ngf4 16. Ne4 Bf5 17. exd6 Bxd6 18. Nxd6 Rxe1+ 19. Nxe1 Bxd3 20. Nxd3 Qxd6 21. Qxh5 Qxd5 22. Nxf4 1-0


[Site "https://www.chess.com"]

[Event "Titled Tuesday Blitz August 22 Early 2023"]
[White "Vivas Zamora, Fabian Ernesto"]
[Black "Vakhlamov, Igor L."]
[WhiteFideId "3902480"]
[BlackFideId "24126748"]
[WhiteElo "2441"]
[BlackElo "2795"]
[Result "0-1"]
[Round "1"]
[TimeControl "180+1"]
[Date "2023.08.22"]
[WhiteClock "0:00:00"]
[BlackClock "0:01:15"]
[Board "77"]

1. e4 c5 2. Nf3 e6 3. d4 cxd4 4. Nxd4 Nf6 5. Nc3 Nc6 6. Ndb5 Bc5 7. Bf4 O-O 8. Bc7 Qe7 9. Bd6 Bxd6 10. Qxd6 Qd8 11. O-O-O a6 12. Nd4 Ne7 13. f3 Ne8 14. Qg3 b5 15. Nb3 Qb6 16. Kb1 b4 17. Na4 Qc6 18. Nac5 a5 19. Nd3 a4 20. Nd4 Qb6 21. Ne5 d5 22. exd5 Nxd5 23. Nc4 Qc5 24. Bd3 Ba6 25. Qh4 Nef6 26. Ne5 a3 27. Nd7 Qc7 28. Nxf8 Kxf8 0-1


[Site "https://www.chess.com"]

[Event "Titled Tuesday Blitz August 22 Early 2023"]
[White "Gorovets, Andrey"]
[Black "MateoReyes"]
[WhiteFideId "13504037"]
[WhiteElo "2788"]
[BlackElo "2440"]
[Result "1-0"]
[Round "1"]
[TimeControl "180+1"]
[Date "2023.08.22"]
[WhiteClock "0:00:04"]
[BlackClock "0:00:00"]
[Board "78"]

1. d4 Nf6 2. c4 g6 3. g3 Bg7 4. Bg2 O-O 5. Nc3 d6 6. Nf3 Nc6 7. O-O Bf5 8. Ne1 e5 9. d5 Ne7 10. e4 Bc8 11. Nd3 a5 12. c5 Ne8 13. cxd6 cxd6 14. f4 f5 15. fxe5 dxe5 16. Nc5 Nd6 17. Qb3 Kh8 18. Be3 fxe4 19. Rxf8+ Qxf8 20. Rf1 Qg8 21. N3xe4 Nef5 22. Nxd6 Nxd6 23. Ne6 Nf5 24. Nc7 Nxe3 25. Qxe3 Rb8 26. d6 Bd7 27. Bd5 Qd8 28. Rf7 Bf5 29. Qc5 Bf8 30. Nb5 Rc8 31. Rc7 Rxc7 32. Qxc7 Qg5 33. Qc3 Qf6 34. Bxb7 Bxd6 35. Nxd6 Qxd6 36. Bf3 Qd4+ 37. Qxd4 exd4 38. Kf2 Bb1 39. a3 Kg7 40. b4 axb4 41. axb4 Kf6 42. b5 Ke7 43. b6 Kd6 44. Bd5 Bf5 45. Ke2 Bd7 46. Kd2 Bf5 47. Bg8 h6 48. Bd5 g5 49. Bf3 Bd7 50. Kd3 Kc5 51. b7 Bb5+ 52. Kd2 1-0


[Site "https://www.chess.com"]

[Event "Titled Tuesday Blitz August 22 Early 2023"]
[White "Mrudul Dehankar"]
[Black "Cherniaiev, Tykhon"]
[WhiteFideId "25096990"]
[BlackFideId "14182360"]
[WhiteElo "2439"]
[BlackElo "2788"]
[Result "0-1"]
[Round "1"]
[TimeControl "180+1"]
[Date "2023.08.22"]
[WhiteClock "0:00:28"]
[BlackClock "0:02:03"]
[Board "79"]

1. e4 e5 2. Nf3 Nc6 3. Bb5 Nge7 4. c3 a6 5. Ba4 Ng6 6. O-O d5 7. exd5 Qxd5 8. d4 Bg4 9. dxe5 O-O-O 10. Qxd5 Rxd5 11. Bxc6 bxc6 12. Nd4 Nxe5 13. Bf4 Nd3 14. Bc1 c5 15. Nc2 Be2 16. Ne3 Rd8 17. Na3 Be7 18. Nac4 Bf6 19. Nf5 Nxc1 0-1


[Site "https://www.chess.com"]

[Event "Titled Tuesday Blitz August 22 Early 2023"]
[White "Adewumi, Tanitoluwa"]
[Black "LeoLV10"]
[WhiteFideId "30966396"]
[WhiteElo "2786"]
[BlackElo "2438"]
[Result "1-0"]
[Round "1"]
[TimeControl "180+1"]
[Date "2023.08.22"]
[WhiteClock "0:00:54"]
[BlackClock "0:00:20"]
[Board "80"]

1. Nf3 Nf6 2. b3 g6 3. Bb2 Bg7 4. g3 O-O 5. Bg2 c6 6. O-O Qc7 7. d3 Re8 8. Nbd2 d6 9. c4 e5 10. e3 Bf5 11. Qe2 Nbd7 12. a3 Rad8 13. Rfd1 Nc5 14. e4 Bg4 15. h3 Bd7 16. b4 Ne6 17. Rac1 c5 18. b5 b6 19. a4 a6 20. Nf1 a5 21. Ne3 Qc8 22. Qf1 Nd4 23. Nd2 Nh5 24. Nb1 f5 25. exf5 gxf5 26. Nd5 Qb8 27. Bxd4 cxd4 28. Re1 Nf6 29. Nd2 Kh8 30. Re2 Rg8 31. Ne7 Rgf8 32. Rce1 Rde8 33. Nc6 Qc8 34. f4 Nh5 35. Qf3 e4 36. Qxh5 e3 37. Nf3 Kg8 38. Ng5 h6 39. Bd5+ Kh8 40. Qg6 hxg5 41. Qh5+ Bh6 42. Qxh6# 1-0


[Site "https://www.chess.com"]

[Event "Titled Tuesday Blitz August 22 Early 2023"]
[White "Jumanov, Elbek"]
[Black "Krzyzanowski, Marcin"]
[WhiteFideId "14202905"]
[BlackFideId "1132199"]
[WhiteElo "2434"]
[BlackElo "2775"]
[Result "0-1"]
[Round "1"]
[TimeControl "180+1"]
[Date "2023.08.22"]
[WhiteClock "0:00:10"]
[BlackClock "0:00:36"]
[Board "81"]

1. c4 e5 2. g3 Nf6 3. Bg2 d5 4. cxd5 Nxd5 5. Nc3 Nb6 6. Nf3 Nc6 7. O-O Be7 8. a3 O-O 9. b4 Re8 10. b5 Nd4 11. Nxe5 Bf6 12. Nf3 Nxe2+ 13. Nxe2 Bxa1 14. d4 Qe7 15. Re1 Bg4 16. Bg5 Qxa3 17. Be3 Bc3 18. Rf1 Rad8 19. Qc2 Bb4 20. Qxc7 Nd5 21. Qxb7 Nxe3 22. Ne5 Re7 0-1


[Site "https://www.chess.com"]

[Event "Titled Tuesday Blitz August 22 Early 2023"]
[White "Orozbaev, Eldiar"]
[Black "Eggleston, Thomas A"]
[WhiteFideId "13802240"]
[BlackFideId "412139"]
[WhiteElo "2770"]
[BlackElo "2433"]
[Result "1-0"]
[Round "1"]
[TimeControl "180+1"]
[Date "2023.08.22"]
[WhiteClock "0:02:11"]
[BlackClock "0:00:36"]
[Board "82"]

1. e4 e6 2. d4 d5 3. Nc3 Nf6 4. e5 Ne4 5. Nxe4 dxe4 6. c3 c5 7. Bb5+ Bd7 8. Bxd7+ Qxd7 9. Ne2 Nc6 10. O-O Be7 11. Be3 cxd4 12. cxd4 Rd8 13. Qc2 O-O 14. Qxe4 f5 15. exf6 Bxf6 16. Rad1 Kh8 17. b3 Nb4 18. Nf4 e5 19. dxe5 Qxd1 20. exf6 Qd6 21. fxg7+ Kxg7 22. Ne6+ Kf7 23. Nxd8+ Rxd8 24. Qxh7+ 1-0


[Site "https://www.chess.com"]

[Event "Titled Tuesday Blitz August 22 Early 2023"]
[White "Rangel, Daniel"]
[Black "Wagner, Dennis"]
[WhiteFideId "2124475"]
[BlackFideId "24650684"]
[WhiteElo "2433"]
[BlackElo "2770"]
[Result "0-1"]
[Round "1"]
[TimeControl "180+1"]
[Date "2023.08.22"]
[WhiteClock "0:00:00"]
[BlackClock "0:01:07"]
[Board "83"]

1. d4 Nf6 2. Nf3 b6 3. e3 Bb7 4. Be2 g6 5. O-O Bg7 6. b3 O-O 7. Ba3 d6 8. Nbd2 Nbd7 9. c4 c5 10. Re1 Re8 11. h3 e5 12. dxe5 dxe5 13. Nh2 e4 14. Bb2 Ne5 15. Ndf1 Qc7 16. Qc2 h5 17. Rad1 Qc6 18. Rd2 Nd3 19. Red1 Nxb2 20. Qxb2 Ng4 21. Qc2 Ne5 22. Rd6 Qc7 23. Ng3 Nd3 24. Bxd3 Qxd6 25. Bxe4 Bxe4 26. Nxe4 Qc6 27. Nc3 Bxc3 28. Qxc3 Rad8 29. Rxd8 Rxd8 30. Nf3 Rd1+ 31. Kh2 Qd6+ 32. g3 Qc6 33. Kg2 Rd6 34. Qe5 Re6 35. Qb8+ Kg7 36. g4 Rf6 37. Qg3 h4 38. Qxh4 Qxf3+ 39. Kg1 Rd6 40. Kh2 Rd1 41. Qh8+ Kxh8 0-1


[Site "https://www.chess.com"]

[Event "Titled Tuesday Blitz August 22 Early 2023"]
[White "Kushko, Dmitriy"]
[Black "Begunov, Konstantin"]
[WhiteFideId "14162261"]
[BlackFideId "4118510"]
[WhiteElo "2766"]
[BlackElo "2431"]
[Result "1-0"]
[Round "1"]
[TimeControl "180+1"]
[Date "2023.08.22"]
[WhiteClock "0:00:22"]
[BlackClock "0:00:04"]
[Board "84"]

1. Nf3 d5 2. g3 c6 3. Bg2 Bg4 4. h3 Bh5 5. O-O Nd7 6. d4 e6 7. c4 Bd6 8. Qb3 Rb8 9. Nc3 Ngf6 10. Nd2 Bg6 11. e4 dxe4 12. Ndxe4 Nxe4 13. Nxe4 Bxe4 14. Bxe4 O-O 15. Rd1 c5 16. Be3 Qc7 17. Bg2 cxd4 18. Bxd4 Nc5 19. Qe3 b6 20. Rac1 Rbd8 21. b4 Na6 22. a3 Be7 23. Qe5 Qxe5 24. Bxe5 Rxd1+ 25. Rxd1 Rd8 26. Rxd8+ Bxd8 27. Kf1 f6 28. Bf4 Bc7 29. Be3 Kf7 30. Ke2 Ke7 31. Kd3 Kd7 32. c5 bxc5 33. bxc5 Nb8 34. Kc4 Nc6 35. Kb5 Nb8 36. c6+ Kc8 37. Bxa7 Bd6 38. a4 Kc7 39. a5 f5 40. a6 Kc8 41. Bb6 Nxa6 42. Kxa6 e5 43. Bd5 e4 44. Be6+ Kb8 45. Bxf5 1-0


[Site "https://www.chess.com"]

[Event "Titled Tuesday Blitz August 22 Early 2023"]
[White "Girsh, Daniel"]
[Black "Kosteniuk, Alexandra"]
[WhiteFideId "30949190"]
[BlackFideId "4128125"]
[WhiteElo "2429"]
[BlackElo "2749"]
[Result "0-1"]
[Round "1"]
[TimeControl "180+1"]
[Date "2023.08.22"]
[WhiteClock "0:00:19"]
[BlackClock "0:00:19"]
[Board "85"]

1. d4 f5 2. c4 Nf6 3. g3 g6 4. Bg2 Bg7 5. Nf3 O-O 6. O-O d6 7. Nbd2 a5 8. b3 a4 9. bxa4 Bd7 10. Bb2 Bxa4 11. Nb3 Ne4 12. Nfd2 Nxd2 13. Qxd2 Nc6 14. Rac1 Qe8 15. Rfe1 Bxb3 16. axb3 Ra2 17. Ra1 Rxb2 18. Qxb2 Bxd4 19. Bxc6 Bxb2 20. Bxe8 Bxa1 21. Bxg6 Bc3 22. Rc1 hxg6 23. Rxc3 Ra8 24. b4 Ra4 25. b5 Kf7 26. f4 Kf6 27. Kf2 e5 28. c5 d5 29. fxe5+ Kxe5 30. Re3+ Re4 31. Ra3 Rb4 32. Re3+ Kf6 33. c6 Rxb5 34. cxb7 Rxb7 35. Re8 c5 36. Rc8 c4 37. e3 Rb2+ 38. Kf3 Rxh2 39. Rc5 Rd2 40. Rc6+ Kg5 41. Rc8 Rd3 42. Ke2 Kg4 43. Rc6 g5 44. Rf6 Ra3 45. Rd6 Ra2+ 46. Ke1 Ra5 47. Rf6 Rc5 48. Kd2 c3+ 49. Kc2 Rc4 50. Rd6 Re4 51. Rxd5 Rxe3 52. Rc5 Rxg3 53. Rd5 f4 54. Rd4 Re3 55. Rd8 Kf3 56. Rg8 g4 57. Rf8 g3 58. Rg8 g2 0-1


[Site "https://www.chess.com"]

[Event "Titled Tuesday Blitz August 22 Early 2023"]
[White "Weetik, Vjacheslav"]
[Black "Pein, Jonathan"]
[WhiteFideId "4153472"]
[BlackFideId "417092"]
[WhiteElo "2745"]
[BlackElo "2429"]
[Result "1-0"]
[Round "1"]
[TimeControl "180+1"]
[Date "2023.08.22"]
[WhiteClock "0:00:05"]
[BlackClock "0:00:04"]
[Board "86"]

1. d4 d5 2. Bf4 h5 3. e3 e5 4. Bxe5 f6 5. Bf4 g5 6. Bxg5 fxg5 7. c4 Bb4+ 8. Nc3 Nf6 9. Nf3 g4 10. Ne5 Nbd7 11. Ng6 Rg8 12. Nf4 c6 13. Bd3 Qa5 14. O-O Bxc3 15. bxc3 Kf7 16. f3 Nf8 17. Qb3 Qb6 18. Qc2 gxf3 19. Rxf3 Bg4 20. Rf2 Ke7 21. Rb1 Qc7 22. Qa4 b6 23. e4 dxe4 24. Re1 Kd8 25. Bxe4 Nxe4 26. Rxe4 Kc8 27. d5 Bd7 28. Qa6+ Qb7 29. Qa3 cxd5 30. Nxd5 Ne6 31. Rxe6 Bxe6 32. Rf8+ Rxf8 33. Qxf8+ Kd7 34. Qe7+ Kc6 35. Nb4# 1-0


[Site "https://www.chess.com"]

[Event "Titled Tuesday Blitz August 22 Early 2023"]
[White "Baghdasaryan, Vahe"]
[Black "Blanco Ronquillo, Humberto L."]
[WhiteFideId "13303139"]
[BlackFideId "3504239"]
[WhiteElo "2428"]
[BlackElo "2740"]
[Result "0-1"]
[Round "1"]
[TimeControl "180+1"]
[Date "2023.08.22"]
[WhiteClock "0:00:06"]
[BlackClock "0:00:41"]
[Board "87"]

1. e4 e5 2. Nf3 Nc6 3. Nc3 Nf6 4. a3 Bd6 5. d4 exd4 6. Nxd4 Nxd4 7. Qxd4 O-O 8. Bg5 Re8 9. Bc4 Be5 10. Qd3 h6 11. Bh4 g5 12. Bg3 Bxc3+ 13. bxc3 d5 14. Bb3 Rxe4+ 15. Kd2 c5 16. f3 c4 17. Qf1 Re7 18. Ba2 d4 19. Qxc4 Be6 20. Qd3 dxc3+ 21. Kxc3 Rd7 22. Qb5 Bxa2 23. Rxa2 Nd5+ 24. Kb2 Qf6+ 25. Kc1 Rad8 26. Be5 Qxe5 27. c4 Qe3+ 28. Kc2 Nc3 29. Raa1 Rd2+ 30. Kb3 Nxb5+ 31. Kb4 0-1


[Site "https://www.chess.com"]

[Event "Titled Tuesday Blitz August 22 Early 2023"]
[White "Volkov, Maksim"]
[Black "Herzog2012"]
[WhiteFideId "54123070"]
[WhiteElo "2734"]
[BlackElo "2428"]
[Result "0-1"]
[Round "1"]
[TimeControl "180+1"]
[Date "2023.08.22"]
[WhiteClock "0:00:04"]
[BlackClock "0:00:04"]
[Board "88"]

1. d4 Nf6 2. c4 e6 3. g3 d5 4. Bg2 Be7 5. Nf3 O-O 6. Nc3 dxc4 7. Ne5 c5 8. dxc5 Qxd1+ 9. Nxd1 Bxc5 10. Ne3 Nbd7 11. N3xc4 Nxe5 12. Nxe5 Bd4 13. Nd3 Bd7 14. e3 Bb5 15. exd4 Bxd3 16. Bxb7 Rab8 17. Kd2 Bg6 18. Bf3 Rfd8 19. Ke3 Nd5+ 20. Bxd5 Rxd5 21. b3 e5 22. dxe5 Rxe5+ 23. Kf4 f6 24. g4 Rb4+ 25. Kg3 h5 26. h3 hxg4 27. hxg4 f5 28. g5 Ree4 29. Bd2 Rbd4 30. Rad1 f4+ 31. Kf3 Re6 32. Kg4 f3+ 33. Kxf3 Be4+ 34. Ke3 Rd3+ 35. Ke2 Red6 36. Rhg1 Bf3+ 37. Ke1 Bxd1 38. Bb4 Bf3 39. Bxd6 Rd1# 0-1


[Site "https://www.chess.com"]

[Event "Titled Tuesday Blitz August 22 Early 2023"]
[White "Bueno, Alfeu Junior Varela"]
[Black "Kourkoulos-Arditis, Stamatis"]
[WhiteFideId "2108879"]
[BlackFideId "4221990"]
[WhiteElo "2428"]
[BlackElo "2728"]
[Result "0-1"]
[Round "1"]
[TimeControl "180+1"]
[Date "2023.08.22"]
[WhiteClock "0:00:00"]
[BlackClock "0:00:16"]
[Board "89"]

1. e4 Nf6 2. e5 Nd5 3. c4 Nb6 4. d4 d6 5. exd6 cxd6 6. Nc3 g6 7. Be3 Bg7 8. Rc1 O-O 9. b3 Nc6 10. d5 Ne5 11. Be2 h5 12. Nf3 Ng4 13. Bd4 e5 14. dxe6 Bxe6 15. Bxg7 Kxg7 16. Qd4+ Qf6 17. O-O Qxd4 18. Nxd4 Rfe8 19. Ndb5 Red8 20. Bf3 a6 21. Nxd6 Rxd6 22. c5 Rd7 23. cxb6 Ne5 24. Be2 Rc8 25. Ne4 Rd4 26. f3 Rxc1 27. Rxc1 Bd5 28. Nc3 Bc6 29. Rc2 Nd7 30. Na4 Bxa4 31. bxa4 Nxb6 32. a5 Nd5 33. Rb2 Rb4 34. Rxb4 Nxb4 35. Bc4 Nc6 36. Bd5 Nxa5 37. Kf2 Kf6 38. f4 Ke7 39. Ke3 Nc6 40. Ke4 f5+ 41. Ke3 h4 42. h3 Kd6 43. Bf7 Ne7 44. Kd4 b5 45. a3 a5 46. Be8 b4 47. axb4 axb4 48. Kc4 Ke6 49. Kxb4 Nd5+ 50. Kc4 Nxf4 51. Kd4 Ke7 52. Bc6 Kd6 53. Ba8 Ne6+ 54. Ke3 Ke5 55. Bb7 g5 56. Bc6 f4+ 0-1


[Site "https://www.chess.com"]

[Event "Titled Tuesday Blitz August 22 Early 2023"]
[White "Leiva, Gianmarco"]
[Black "Rozhkov, Viacheslav"]
[WhiteFideId "3804399"]
[BlackFideId "4181484"]
[WhiteElo "2726"]
[BlackElo "2428"]
[Result "1-0"]
[Round "1"]
[TimeControl "180+1"]
[Date "2023.08.22"]
[WhiteClock "0:00:11"]
[BlackClock "0:00:11"]
[Board "90"]

1. e4 c5 2. Nf3 e6 3. c3 d5 4. e5 Nc6 5. d4 Qb6 6. Be2 Nge7 7. dxc5 Qxc5 8. b4 Qb6 9. b5 Na5 10. Be3 Qc7 11. Nbd2 Bd7 12. Bd4 Nf5 13. O-O Be7 14. Rc1 O-O 15. Bd3 Nc4 16. Nxc4 dxc4 17. Bxf5 exf5 18. a4 Be6 19. Qc2 a6 20. b6 Qc6 21. Be3 Rad8 22. Nd4 Qc8 23. Rfd1 f6 24. Bf4 g5 25. exf6 Bxf6 26. Bc7 Rde8 27. Re1 Bd7 28. a5 Kg7 29. Qd2 Rxe1+ 30. Rxe1 Re8 31. Rd1 Ba4 32. Ra1 Qd7 33. h3 Bc6 34. Rd1 Ba4 35. Re1 Rxe1+ 36. Qxe1 Bc6 37. Be5 Qd5 38. Bxf6+ Kxf6 39. f3 Bd7 40. h4 h6 41. hxg5+ hxg5 42. Qa1 Qe5 43. Qa3 Qe3+ 44. Kf1 Qd3+ 45. Kf2 Qd2+ 46. Ne2 Be6 47. Qf8+ Bf7 48. Qc5 Qd7 49. Nd4 Be6 50. g3 g4 51. f4 Qd5 52. Qxd5 Bxd5 53. Ke3 Be4 54. Ne2 Ke6 55. Kd4 Bd3 56. Nc1 Bf1 57. Na2 Kd6 58. Nb4 Be2 59. Nc2 Bf1 60. Ne3 Bd3 61. Nxc4+ Kc6 62. Kxd3 Kb5 63. Kd4 Ka4 64. Kc5 Kb3 65. Nd6 Ka4 66. Nc4 Kb3 67. Nd6 Ka4 68. Nxb7 Kb3 69. Nd6 Ka4 70. b7 Kxa5 71. b8=Q Ka4 72. Qb4# 1-0


[Site "https://www.chess.com"]

[Event "Titled Tuesday Blitz August 22 Early 2023"]
[White "Tomaszewski, Kacper"]
[Black "Hulka, Valentyn"]
[WhiteFideId "1127373"]
[BlackFideId "34107061"]
[WhiteElo "2428"]
[BlackElo "2721"]
[Result "0-1"]
[Round "1"]
[TimeControl "180+1"]
[Date "2023.08.22"]
[WhiteClock "0:00:02"]
[BlackClock "0:00:55"]
[Board "91"]

1. e4 c5 2. Nf3 d6 3. Bb5+ Nd7 4. O-O a6 5. Bd3 Ngf6 6. c3 e6 7. Re1 b5 8. a4 c4 9. Bc2 Bb7 10. Na3 Qb6 11. d4 cxd3 12. Bxd3 Nc5 13. a5 Qc7 14. Bc2 Ncxe4 15. Nd4 Be7 16. f3 Nc5 17. b4 Ncd7 18. c4 bxc4 19. b5 d5 20. b6 Qc8 21. f4 O-O 22. Qf3 Bc5 23. Be3 e5 24. fxe5 Nxe5 25. Qg3 Neg4 26. Bf5 Qb8 27. Bf4 Bxd4+ 28. Kf1 Nh5 29. Bxb8 Nxg3+ 30. Bxg3 Ne3+ 31. Rxe3 Bxe3 32. Re1 Rfe8 33. Nc2 Bc5 34. Rd1 d4 35. Nxd4 Rad8 36. Bf2 Re5 37. Bg4 Bxd4 38. Rxd4 Rxd4 39. Bxd4 Rxa5 40. Bf3 Bxf3 41. gxf3 Rb5 42. Ke2 a5 43. Kd2 Rb3 44. Kc2 a4 45. Bc5 f6 46. f4 Kf7 47. f5 g6 48. fxg6+ hxg6 49. h4 f5 50. Bd4 Ke6 51. Bc5 Kd5 0-1


[Site "https://www.chess.com"]